MID
DELMARVA SHOREBIRDS @ GREENVILLE DRIVE
08/10/2048
 
TOP OF THE 1ST
Delmarva Shorebirds batting - Pitching for Greenville Drive : RHP Teruhiko Ushijima
Pitching: RHP Teruhiko Ushijima
Batting: RHB Josh Hopp 0-0: Ball
1-0: Ball
2-0: Called Strike
2-1: Ball
3-1: SINGLE (Groundball, 34D, EV 98.8 MPH)
Batting: RHB Steve Jones 0-0: SINGLE (Flyball, 6D, EV 88.8 MPH)
Josh Hopp to second
Batting: RHB Daniel Jackson 0-0: Ball
Josh Hopp is caught stealing 3rd base 2-5
1-0: Grounds into double play, 5-4-3 (Groundball, 56, EV 104.4 MPH)
Top of the 1st over - 0 runs, 2 hits, 0 errors, 0 left on base; Delmarva 0 - Greenville 0
BOTTOM OF THE 1ST
Greenville Drive batting - Pitching for Delmarva Shorebirds : RHP Wes Reynolds
Pitching: RHP Wes Reynolds
Batting: LHB John Buff 0-0: Called Strike
0-1: Ground out 3-1 (Groundball, 34, EV 103.8 MPH)
Batting: LHB Danny Montoya 0-0: Ball
1-0: Ground out 4-3 (Groundball, 4S, EV 73.8 MPH)
Batting: RHB Alex Cardenas 0-0: Ball
1-0: Fly out, F9 (Flyball, 89S, EV 89.4 MPH)
Bottom of the 1st over - 0 runs, 0 hits, 0 errors, 0 left on base; Delmarva 0 - Greenville 0
TOP OF THE 2ND
Delmarva Shorebirds batting - Pitching for Greenville Drive : RHP Teruhiko Ushijima
Batting: RHB Luke Vaccarino 0-0: Ball
1-0: Foul Ball, location: 2F
1-1: Swinging Strike
1-2: Foul Ball, location: 2F
1-2: Strikes out swinging
Batting: RHB Maup Gommers 0-0: SINGLE (Groundball, 6MD, EV 98.1 MPH)
Batting: RHB Ethan Finke 0-0: Called Strike
0-1: Ball
1-1: Foul Ball, location: 2F
1-2: SINGLE (Flyball, 8RS, EV 85.0 MPH)
Maup Gommers to second
Batting: RHB Ken Manser 0-0: Called Strike
0-1: Ball
1-1: Swinging Strike
1-2: Strikes out swinging
Batting: RHB Mike Pitts 0-0: Ball
1-0: Ball
2-0: Ball
3-0: Called Strike
3-1: Base on Balls
Maup Gommers to third
Ethan Finke to second
Batting: RHB Tony Godley 0-0: Ball
1-0: Foul Ball, location: 2F
1-1: Ball
2-1: Ground out 4-3 (Groundball, 4, EV 76.9 MPH)
Top of the 2nd over - 0 runs, 2 hits, 0 errors, 3 left on base; Delmarva 0 - Greenville 0
BOTTOM OF THE 2ND
Greenville Drive batting - Pitching for Delmarva Shorebirds : RHP Wes Reynolds
Batting: SHB Robert Soto 0-0: Ball
1-0: Foul Ball, location: 2F
1-1: Ball
2-1: Ground out 5-3 (Groundball, 56, EV 100.0 MPH)
Batting: LHB Eddie Contreras 0-0: Called Strike
0-1: Called Strike
0-2: Strikes out swinging
Batting: RHB Bobby Schimke 0-0: Ball
1-0: Swinging Strike
1-1: Ball
2-1: Reached on error, E6 (Groundball, 6, EV 95.0 MPH)
Batting: LHB Kevin Rolison 0-0: Ball
1-0: Ball
2-0: Foul Ball, location: 2F
2-1: Swinging Strike
2-2: Strikes out looking
Bottom of the 2nd over - 0 runs, 0 hits, 1 error, 1 left on base; Delmarva 0 - Greenville 0
TOP OF THE 3RD
Delmarva Shorebirds batting - Pitching for Greenville Drive : RHP Teruhiko Ushijima
Batting: RHB Josh Hopp 0-0: Ball
1-0: Foul Ball, location: 2F
1-1: Foul Ball, location: 2F
1-2: Ball
2-2: Foul Ball, location: 2F
2-2: Foul Ball, location: 2F
2-2: Foul Ball, location: 2F
2-2: Strikes out swinging
Batting: RHB Steve Jones 0-0: Ball
1-0: SOLO HOME RUN (Flyball, 8LXD, EV 115.0 MPH), Distance : 428 ft
Batting: RHB Daniel Jackson 0-0: Foul Ball, location: 2F
0-1: Ball
1-1: Ball
2-1: Called Strike
2-2: Ground out 6-3 (Groundball, 6, EV 91.9 MPH)
Batting: RHB Luke Vaccarino 0-0: Foul Ball, location: 2F
0-1: Ball
1-1: DOUBLE (Flyball, 89XD, EV 105.6 MPH)
Batting: RHB Maup Gommers 0-0: Swinging Strike
0-1: Ball
1-1: Called Strike
1-2: Ball
2-2: Ground out 3-1 (Groundball, 34S, EV 87.5 MPH)
Top of the 3rd over - 1 run, 2 hits, 0 errors, 1 left on base; Delmarva 1 - Greenville 0
BOTTOM OF THE 3RD
Greenville Drive batting - Pitching for Delmarva Shorebirds : RHP Wes Reynolds
Batting: RHB Scott Hawkins 0-0: TRIPLE (Flyball, 7LD, EV 103.8 MPH)
Batting: RHB Roger Mitchell 0-0: Ball
1-0: Ground out 6-3 (Groundball, 56, EV 97.5 MPH)
Scott Hawkins scores
Batting: LHB John Buff 0-0: Called Strike
0-1: Ball
1-1: Called Strike
1-2: Ground out 3-1 (Groundball, 34S, EV 84.4 MPH)
Batting: LHB Danny Montoya 0-0: Ball
1-0: Ball
2-0: Fly out, F5 (Popup, 56, EV 68.8 MPH)
Bottom of the 3rd over - 1 run, 1 hit, 0 errors, 0 left on base; Delmarva 1 - Greenville 1
TOP OF THE 4TH
Delmarva Shorebirds batting - Pitching for Greenville Drive : RHP Teruhiko Ushijima
Batting: RHB Ethan Finke 0-0: Ball
1-0: Ball
2-0: Ground out U3 (Groundball, 34, EV 91.9 MPH)
Batting: RHB Ken Manser 0-0: Foul Ball, location: 2F
0-1: Ball
1-1: Swinging Strike
1-2: Foul Ball, location: 2F
1-2: Foul Ball, location: 2F
1-2: Foul Ball, location: 2F
1-2: Ball
2-2: Foul Ball, location: 2F
2-2: Ball
3-2: Fly out, F6 (Popup, 6D, EV 46.2 MPH)
Batting: RHB Mike Pitts 0-0: Ball
1-0: Foul Ball, location: 2F
1-1: Ball
2-1: Called Strike
2-2: Foul Ball, location: 2F
2-2: Ball
3-2: Foul Ball, location: 2F
3-2: Strikes out swinging
Top of the 4th over - 0 runs, 0 hits, 0 errors, 0 left on base; Delmarva 1 - Greenville 1
BOTTOM OF THE 4TH
Greenville Drive batting - Pitching for Delmarva Shorebirds : RHP Wes Reynolds
Batting: RHB Alex Cardenas 0-0: Swinging Strike
0-1: Ball
1-1: Ball
2-1: SINGLE (Groundball, 56D, EV 102.5 MPH)
Batting: SHB Robert Soto 0-0: Grounds into double play, 3-6-1 (Groundball, 3, EV 81.9 MPH)
Batting: LHB Eddie Contreras 0-0: Ball
1-0: Ground out 6-3 (Groundball, 6, EV 83.1 MPH)
Bottom of the 4th over - 0 runs, 1 hit, 0 errors, 0 left on base; Delmarva 1 - Greenville 1
TOP OF THE 5TH
Delmarva Shorebirds batting - Pitching for Greenville Drive : RHP Teruhiko Ushijima
Batting: RHB Tony Godley 0-0: Called Strike
0-1: Ball
1-1: Foul Ball, location: 2F
1-2: Ground out 5-3 (Groundball, 56, EV 101.9 MPH)
Batting: RHB Josh Hopp 0-0: Foul Ball, location: 2F
0-1: Foul Ball, location: 2F
0-2: Strikes out swinging
Batting: RHB Steve Jones 0-0: SINGLE (Line Drive, 4MD, EV 96.9 MPH)
Batting: RHB Daniel Jackson 0-0: Ball
1-0: Foul Ball, location: 2F
1-1: Ground out 5-3 (Groundball, 56S, EV 84.4 MPH)
Top of the 5th over - 0 runs, 1 hit, 0 errors, 1 left on base; Delmarva 1 - Greenville 1
BOTTOM OF THE 5TH
Greenville Drive batting - Pitching for Delmarva Shorebirds : RHP Wes Reynolds
Batting: RHB Bobby Schimke 0-0: Called Strike
0-1: Ball
1-1: Ground out 5-3 (Groundball, 25, EV 85.0 MPH)
Batting: LHB Kevin Rolison 0-0: Ball
1-0: Foul Ball, location: 2F
1-1: DOUBLE (Line Drive, 89D, EV 100.0 MPH)
Batting: RHB Scott Hawkins 0-0: Called Strike
0-1: Ball
1-1: Ground out 5-3 (Groundball, 56, EV 86.9 MPH)
Batting: RHB Roger Mitchell 0-0: Ball
1-0: Ground out 6-3 (Groundball, 6, EV 86.9 MPH)
Bottom of the 5th over - 0 runs, 1 hit, 0 errors, 1 left on base; Delmarva 1 - Greenville 1
TOP OF THE 6TH
Delmarva Shorebirds batting - Pitching for Greenville Drive : RHP Teruhiko Ushijima
Batting: RHB Luke Vaccarino 0-0: Ball
1-0: Ball
2-0: Ball
3-0: Called Strike
3-1: Base on Balls
Pitching: RHP Adrian Colorado
Batting: RHB Maup Gommers 0-0: Foul Ball, location: 2F
0-1: Ball
1-1: Fly out, F9 (Flyball, 9LS, EV 92.5 MPH)
Batting: RHB Ethan Finke 0-0: Called Strike
0-1: Foul Ball, location: 2F
0-2: Ball
1-2: Ball
2-2: Ball
3-2: Base on Balls
Luke Vaccarino to second
Batting: RHB Ken Manser 0-0: Called Strike
0-1: Ball
1-1: Foul Ball, location: 2F
1-2: Foul Ball, location: 2F
1-2: Ball
2-2: Foul Ball, location: 2F
2-2: Ball
Wild Pitch!
Luke Vaccarino to third
Ethan Finke to second
3-2: Fly out, F7 (Line Drive, 7S, EV 99.4 MPH)
Batting: RHB Mike Pitts 0-0: Ball
1-0: Ball
2-0: Swinging Strike
2-1: Foul Ball, location: 2F
2-2: DOUBLE (Groundball, 5L, EV 105.6 MPH)
Luke Vaccarino scores
Ethan Finke scores
Batting: RHB Tony Godley 0-0: Ball
1-0: Swinging Strike
1-1: Ground out U3 (Groundball, 34, EV 90.0 MPH)
Top of the 6th over - 2 runs, 1 hit, 0 errors, 1 left on base; Delmarva 3 - Greenville 1
BOTTOM OF THE 6TH
Greenville Drive batting - Pitching for Delmarva Shorebirds : RHP Wes Reynolds
Batting: LHB John Buff 0-0: Ball
1-0: Ground out 6-3 (Groundball, 56, EV 88.8 MPH)
Batting: LHB Danny Montoya 0-0: Fly out, F9 (Line Drive, 89D, EV 85.0 MPH)
Batting: RHB Alex Cardenas 0-0: Fly out, F9 (Flyball, 89D, EV 95.0 MPH)
Bottom of the 6th over - 0 runs, 0 hits, 0 errors, 0 left on base; Delmarva 3 - Greenville 1
TOP OF THE 7TH
Delmarva Shorebirds batting - Pitching for Greenville Drive : RHP Adrian Colorado
Pitching: RHP Jon Olivo
Batting: RHB Josh Hopp 0-0: Foul Ball, location: 2F
0-1: DOUBLE (Groundball, 5L, EV 106.2 MPH)
Batting: RHB Steve Jones 0-0: Ball
1-0: Ground out 2-3 (Groundball, 2R, EV 70.6 MPH)
Josh Hopp to third
Batting: RHB Daniel Jackson 0-0: Ball
1-0: Swinging Strike
1-1: Foul Ball, location: 2F
1-2: Foul Ball, location: 2F
1-2: Fly out, F9 (Flyball, 9S, EV 95.6 MPH)
Batting: RHB Luke Vaccarino 0-0: Called Strike
0-1: Ball
1-1: Called Strike
1-2: Ball
2-2: DOUBLE (Flyball, 78D, EV 110.6 MPH)
Josh Hopp scores
Batting: RHB Maup Gommers 0-0: Called Strike
0-1: Ball
1-1: SINGLE (Groundball, 56D, EV 105.6 MPH)
Luke Vaccarino to third
Batting: RHB Ethan Finke 0-0: Ball
1-0: Called Strike
1-1: Ball
2-1: Ground out 4-3 (Groundball, 4, EV 80.0 MPH)
Top of the 7th over - 1 run, 3 hits, 0 errors, 2 left on base; Delmarva 4 - Greenville 1
BOTTOM OF THE 7TH
Greenville Drive batting - Pitching for Delmarva Shorebirds : RHP Wes Reynolds
Batting: SHB Robert Soto 0-0: Ground out 4-3 (Groundball, 34D, EV 93.8 MPH)
Batting: LHB Eddie Contreras 0-0: Ball
1-0: Fly out, F7 (Flyball, 7, EV 80.0 MPH)
Batting: RHB Bobby Schimke 0-0: Ball
1-0: Ground out 6-3 (Groundball, 6S, EV 57.5 MPH)
Bottom of the 7th over - 0 runs, 0 hits, 0 errors, 0 left on base; Delmarva 4 - Greenville 1
TOP OF THE 8TH
Delmarva Shorebirds batting - Pitching for Greenville Drive : RHP Jon Olivo
Pitching: RHP Alan Phillips
Batting: RHB Ken Manser 0-0: Ground out 5-3 (Groundball, 5, EV 88.1 MPH)
Batting: RHB Mike Pitts 0-0: Fly out, F7 (Flyball, 7D, EV 105.0 MPH)
Batting: RHB Tony Godley 0-0: Swinging Strike
0-1: SINGLE (Line Drive, 4D, EV 100.0 MPH)
Batting: RHB Josh Hopp 0-0: Ball
Tony Godley steals 2nd base
1-0: Fly out, F8 (Flyball, 8LM, EV 81.2 MPH)
Top of the 8th over - 0 runs, 1 hit, 0 errors, 1 left on base; Delmarva 4 - Greenville 1
BOTTOM OF THE 8TH
Greenville Drive batting - Pitching for Delmarva Shorebirds : RHP Wes Reynolds
Batting: LHB Kevin Rolison 0-0: Called Strike
0-1: SINGLE (Line Drive, 6D, EV 94.4 MPH)
Batting: RHB Scott Hawkins 0-0: Ball
1-0: DOUBLE (Line Drive, 7LD, EV 103.8 MPH)
Kevin Rolison to third
Pinch Hitting: RHB Adugna Chandu 0-0: Called Strike
0-1: Ball
1-1: Ball
2-1: Called Strike
2-2: Strikes out swinging
Batting: LHB John Buff 0-0: Ball
1-0: Called Strike
1-1: Ball
2-1: Foul Ball, location: 2F
2-2: Strikes out swinging
Batting: LHB Danny Montoya 0-0: Foul Ball, location: 2F
0-1: Ball
1-1: Called Strike
1-2: Foul Ball, location: 2F
1-2: Ball
2-2: Ball
3-2: Strikes out looking
Bottom of the 8th over - 0 runs, 2 hits, 0 errors, 2 left on base; Delmarva 4 - Greenville 1
TOP OF THE 9TH
Delmarva Shorebirds batting - Pitching for Greenville Drive : RHP Alan Phillips
Now at 2B: Adugna Chandu
Batting: RHB Steve Jones 0-0: Ball
1-0: Ball
2-0: Ball
3-0: Called Strike
3-1: Swinging Strike
3-2: Strikes out looking
Batting: RHB Daniel Jackson 0-0: Ball
1-0: Ball
2-0: SINGLE (Groundball, 6D, EV 108.8 MPH)
Batting: RHB Luke Vaccarino 0-0: Ball
1-0: Reached on error, E5 (Groundball, 5S, EV 66.9 MPH)
Daniel Jackson to second
Batting: RHB Maup Gommers 0-0: Called Strike
0-1: Ball
1-1: SINGLE (Line Drive, 7S, EV 100.6 MPH)
Daniel Jackson to third
Luke Vaccarino to second
Batting: RHB Ethan Finke 0-0: Called Strike
0-1: Ball
Wild Pitch!
Daniel Jackson scores
Luke Vaccarino to third
Maup Gommers to second
1-1: Ball
2-1: Swinging Strike
2-2: Ball
3-2: Foul Ball, location: 2F
3-2: Fly out, F7 (Line Drive, 78M, EV 94.4 MPH)
Batting: RHB Ken Manser 0-0: Ball
1-0: Foul Ball, location: 2F
1-1: Ball
2-1: Called Strike
2-2: Ball
3-2: Base on Balls
Batting: RHB Mike Pitts 0-0: Swinging Strike
0-1: Ball
1-1: Ball
2-1: Ball
3-1: Swinging Strike
3-2: Fly out, F7 (Flyball, 7LS, EV 88.8 MPH)
Top of the 9th over - 1 run, 2 hits, 1 error, 3 left on base; Delmarva 5 - Greenville 1
BOTTOM OF THE 9TH
Greenville Drive batting - Pitching for Delmarva Shorebirds : RHP Wes Reynolds
Pitching: RHP Harley Hyde
Batting: RHB Alex Cardenas 0-0: Called Strike
0-1: Called Strike
0-2: Ball
1-2: Strikes out swinging
Batting: SHB Robert Soto 0-0: Called Strike
0-1: Reached on error, E4 (Groundball, 34, EV 101.9 MPH)
Batting: LHB Eddie Contreras 0-0: DOUBLE (Line Drive, 9LS, EV 94.4 MPH)
Robert Soto to third
Pitching: RHP Manny Rolfe
Batting: RHB Bobby Schimke 0-0: Fly out, F7 (Flyball, 7LS, EV 93.1 MPH)
Batting: LHB Kevin Rolison 0-0: Ball
1-0: SINGLE (Groundball, 34D, EV 100.6 MPH)
Robert Soto scores
Eddie Contreras to third
Batting: RHB Scott Hawkins 0-0: Ball
1-0: Foul Ball, location: 2F
1-1: Fly out, F7 (Flyball, 7D, EV 98.8 MPH)
Bottom of the 9th over - 1 run, 2 hits, 1 error, 2 left on base; Delmarva 5 - Greenville 2
Tuesday, March 28th , 2023 - OOTP Baseball 23.10 Build 110